[ AOE2 MATCH · #470477641 ]
UnrankedSicilians vs Cumans
[ REPLAY ANALYSIS · EXTRACTED FROM THE RECORDED GAME ]
Feudal
10:00
Castle
15:22
Imperial
35:38
| APM avg | 28.3 |
| APM peak | 60 |
| eAPM avg | 14.9 |
| Villagers / military | 112 / 222 |
Focus
⚔️ 39.5% · 🌾 60.5%
Knight ×204 · Trebuchet (Packed) ×12 · Serjeant ×4 · Scout Cavalry ×2
Feudal
9:47
Castle
22:23
Imperial
42:34
| APM avg | 34.7 |
| APM peak | 54 |
| eAPM avg | 15.0 |
| Villagers / military | 117 / 224 |
Focus
⚔️ 31.5% · 🌾 68.5%
Skirmisher ×101 · Scout Cavalry ×58 · Knight ×32 · Trebuchet (Packed) ×10 · Camel Scout ×9 · Spearman ×6
Feudal
9:52
Castle
20:38
Imperial
42:04
| APM avg | 30.6 |
| APM peak | 62 |
| eAPM avg | 17.0 |
| Villagers / military | 273 / 318 |
Focus
⚔️ 21.4% · 🌾 78.6%
Scout Cavalry ×163 · Kipchak ×134 · Unknown (1260) ×27 · Cavalry Archer ×15 · Knight ×5 · Monk ×1
Feudal
9:41
Castle
22:44
Imperial
43:52
| APM avg | 23.6 |
| APM peak | 73 |
| eAPM avg | 12.6 |
| Villagers / military | 163 / 137 |
Focus
⚔️ 33.1% · 🌾 66.9%
Spearman ×131 · Unknown (1949) ×107 · Unknown (1942) ×27 · Unknown (1952) ×26 · Scout Cavalry ×4 · Monk ×1
Feudal
10:06
Castle
22:09
Imperial
38:48
| APM avg | 54.3 |
| APM peak | 82 |
| eAPM avg | 28.5 |
| Villagers / military | 232 / 269 |
Focus
⚔️ 30.9% · 🌾 69.1%
Longbowman ×148 · Spearman ×70 · Archer ×41 · Trebuchet (Packed) ×8 · Militia ×2
Feudal
10:17
Castle
21:41
Imperial
42:22
| APM avg | 30.7 |
| APM peak | 77 |
| eAPM avg | 14.4 |
| Villagers / military | 212 / 215 |
Focus
⚔️ 35.3% · 🌾 64.7%
Cavalry Archer ×143 · Keshik ×26 · Scout Cavalry ×20 · Trebuchet (Packed) ×10 · Archer ×7 · Skirmisher ×5
Match map
Initial resources + every placement click. Lines = walls · curves = elevation contours. ◆ gold · ⬟ stone · ● berries · ✦ relic · ◌ wall gap
Your base· Open — 10t gap
FeHZappa's base· Open — 12t gap
LMB. LouisLitt's base· Open — 8t gap
LMB.TheDutchKing's base· ✓ Closed at 22:44 · 41t walls · 1 gate(s)
jose1998maria's base· Open — 10t gap
LMB.Soulou's base· Open — 1t gap
Smoothed initial terrain · ◌ = detected wall gap · hover for details
Inputs per minute
— Sneaky_Topolino - - FeHZappa
Build order — Sneaky_Topolino
First 150 of 467 actions detected
| 0:03 | Create | Villager (Male) ×4 |
| 0:05 | Build | House |
| 0:07 | Build | House |
| 1:47 | Create | Villager (Male) |
| 1:47 | Create | Villager (Male) |
| 1:58 | Build | Lumber Camp |
| 2:32 | Create | Villager (Male) |
| 2:32 | Create | Villager (Male) |
| 3:06 | Create | Villager (Male) |
| 3:27 | Create | Villager (Male) |
| 3:27 | Create | Villager (Male) |
| 4:17 | Create | Villager (Male) |
| 4:17 | Create | Villager (Male) |
| 4:25 | Build | House |
| 4:34 | Build | House |
| 4:54 | Research | Loom |
| 5:10 | Build | Palisade Wall |
| 5:25 | Create | Villager (Male) |
| 5:25 | Create | Villager (Male) |
| 6:02 | Create | Villager (Male) |
| 6:03 | Create | Villager (Male) |
| 6:40 | Build | Mill |
| 6:53 | Create | Villager (Male) |
| 7:14 | Create | Villager (Male) |
| 7:50 | Research | Feudal Age |
| 7:57 | Build | Mining Camp |
| 9:35 | Create | Villager (Male) |
| 9:36 | Create | Villager (Male) |
| 10:00 | Age | Feudal Age |
| 10:16 | Build | Market |
| 10:20 | Build | Blacksmith |
| 10:52 | Create | Villager (Male) |
| 11:32 | Create | Villager (Male) |
| 11:59 | Create | Villager (Male) |
| 12:12 | Build | Donjon |
| 12:28 | Build | House |
| 12:42 | Research | Castle Age |
| 13:07 | Build | Barracks |
| 13:25 | Build | Palisade Wall |
| 13:27 | Build | Palisade Wall |
| 13:44 | Build | Stable |
| 14:07 | Research | Double-Bit Axe |
| 14:15 | Research | Horse Collar |
| 14:45 | Build | Farm |
| 14:45 | Build | Farm |
| 14:46 | Build | Farm |
| 14:59 | Build | Farm |
| 15:22 | Age | Castle Age |
| 15:29 | Create | Villager (Male) |
| 15:29 | Create | Villager (Male) |
| 16:06 | Build | Town Center |
| 16:52 | Create | Villager (Male) |
| 16:52 | Create | Villager (Male) |
| 16:55 | Create | Knight |
| 16:55 | Create | Knight |
| 17:03 | Build | Lumber Camp |
| 17:24 | Build | Farm |
| 17:31 | Create | Villager (Male) |
| 17:31 | Create | Villager (Male) |
| 17:52 | Create | Knight |
| 18:04 | Build | Farm |
| 18:22 | Build | Farm |
| 18:23 | Create | Knight |
| 18:28 | Build | House |
| 19:05 | Build | Donjon |
| 19:08 | Create | Villager (Male) |
| 19:08 | Create | Villager (Male) |
| 19:08 | Create | Villager (Male) |
| 19:17 | Build | Farm |
| 19:33 | Create | Villager (Male) |
| 19:33 | Create | Villager (Male) |
| 19:36 | Build | Farm |
| 19:38 | Build | Farm |
| 20:08 | Build | Farm |
| 20:08 | Build | Farm |
| 20:10 | Create | Villager (Male) |
| 20:10 | Create | Villager (Male) |
| 20:10 | Create | Villager (Male) |
| 20:18 | Build | House |
| 20:22 | Build | House |
| 20:36 | Create | Villager (Male) |
| 20:36 | Create | Villager (Male) |
| 20:40 | Build | Farm |
| 20:42 | Build | Farm |
| 21:15 | Build | Farm |
| 21:15 | Build | Farm |
| 21:17 | Build | Farm |
| 21:19 | Create | Villager (Male) |
| 21:19 | Create | Villager (Male) |
| 21:36 | Research | Bow Saw |
| 22:04 | Create | Knight |
| 22:05 | Create | Knight |
| 22:25 | Create | Villager (Male) |
| 22:25 | Create | Villager (Male) |
| 22:25 | Create | Villager (Male) |
| 22:51 | Research | Scale Barding Armor |
| 22:51 | Research | Forging |
| 22:58 | Build | Farm |
| 22:58 | Build | Farm |
| 23:01 | Create | Villager (Male) |
| 23:01 | Create | Villager (Male) |
| 23:06 | Create | Villager (Male) |
| 23:46 | Create | Knight |
| 23:47 | Create | Knight |
| 24:17 | Create | Villager (Male) |
| 24:17 | Create | Villager (Male) |
| 24:19 | Create | Villager (Male) |
| 24:19 | Create | Villager (Male) |
| 24:23 | Build | House |
| 24:32 | Research | Wheelbarrow |
| 24:44 | Build | Town Center |
| 24:54 | Research | Bloodlines |
| 25:04 | Build | Farm |
| 25:22 | Build | Farm |
| 25:24 | Create | Villager (Male) |
| 25:24 | Create | Villager (Male) |
| 25:31 | Research | Forging |
| 25:51 | Build | Lumber Camp |
| 25:55 | Research | Heavy Plow |
| 26:47 | Build | Farm |
| 26:47 | Build | Farm |
| 26:48 | Build | Farm |
| 26:50 | Create | Villager (Male) |
| 26:50 | Create | Villager (Male) |
| 26:50 | Create | Villager (Male) |
| 26:50 | Create | Villager (Male) |
| 26:51 | Create | Villager (Male) |
| 26:51 | Create | Villager (Male) |
| 26:54 | Create | Villager (Male) |
| 26:54 | Create | Villager (Male) |
| 27:36 | Create | Villager (Male) |
| 27:37 | Create | Villager (Male) |
| 27:49 | Build | Lumber Camp |
| 27:54 | Create | Villager (Male) |
| 27:54 | Create | Villager (Male) |
| 27:55 | Create | Villager (Male) |
| 28:10 | Create | Knight |
| 28:10 | Create | Knight |
| 28:10 | Create | Knight |
| 28:10 | Create | Knight |
| 28:13 | Build | House |
| 28:15 | Research | Stone Mining |
| 28:15 | Research | Gold Mining |
| 28:31 | Build | Donjon |
| 29:07 | Create | Villager (Male) |
| 29:08 | Create | Villager (Male) |
| 29:08 | Create | Villager (Male) |
| 29:08 | Create | Villager (Male) |
| 29:12 | Build | House |
| 30:00 | Build | Castle |
Build order — FeHZappa
First 150 of 404 actions detected
| 0:02 | Create | Villager (Male) |
| 0:05 | Build | House |
| 0:07 | Build | House |
| 0:15 | Create | Villager (Male) |
| 0:52 | Create | Villager (Male) |
| 0:52 | Create | Villager (Male) |
| 1:25 | Create | Villager (Male) |
| 1:25 | Create | Villager (Male) |
| 2:04 | Create | Villager (Male) |
| 2:31 | Create | Villager (Male) |
| 2:56 | Create | Villager (Male) |
| 2:56 | Create | Villager (Male) |
| 3:21 | Create | Villager (Male) |
| 3:38 | Build | Lumber Camp |
| 3:47 | Create | Villager (Male) |
| 4:00 | Build | House |
| 4:01 | Build | House |
| 4:12 | Create | Villager (Male) |
| 4:34 | Research | Loom |
| 4:56 | Create | Villager (Male) |
| 5:06 | Create | Villager (Male) |
| 5:16 | Create | Villager (Male) |
| 5:30 | Create | Villager (Male) |
| 5:31 | Create | Villager (Male) |
| 5:53 | Create | Villager (Male) |
| 6:04 | Build | Mill |
| 7:37 | Research | Feudal Age |
| 8:09 | Build | Barracks |
| 8:17 | Build | House |
| 8:47 | Build | Palisade Wall |
| 8:49 | Build | Palisade Wall |
| 9:47 | Age | Feudal Age |
| 9:51 | Build | Stable |
| 9:52 | Create | Spearman |
| 10:05 | Create | Villager (Male) |
| 10:29 | Create | Villager (Male) |
| 10:34 | Build | House |
| 10:34 | Create | Scout Cavalry |
| 10:35 | Create | Scout Cavalry |
| 10:35 | Create | Scout Cavalry |
| 10:42 | Build | House |
| 10:45 | Create | Villager (Male) |
| 10:51 | Create | Scout Cavalry |
| 11:01 | Build | House |
| 11:11 | Create | Scout Cavalry |
| 11:15 | Create | Villager (Male) |
| 11:20 | Build | House |
| 11:23 | Build | Palisade Wall |
| 11:28 | Build | Mining Camp |
| 11:31 | Build | House |
| 11:32 | Create | Villager (Male) |
| 11:51 | Create | Villager (Male) |
| 11:59 | Build | Blacksmith |
| 12:22 | Create | Villager (Male) |
| 12:25 | Create | Spearman |
| 12:25 | Create | Spearman |
| 12:43 | Research | Forging |
| 12:49 | Build | House |
| 12:59 | Create | Villager (Male) |
| 13:09 | Create | Villager (Male) |
| 13:29 | Create | Villager (Male) |
| 13:34 | Build | House |
| 13:37 | Build | Market |
| 14:17 | Create | Villager (Male) |
| 14:52 | Create | Villager (Male) |
| 15:02 | Build | Farm |
| 15:03 | Build | Farm |
| 15:04 | Build | Farm |
| 15:05 | Build | Farm |
| 15:12 | Build | Archery Range |
| 15:21 | Research | Double-Bit Axe |
| 15:33 | Create | Villager (Male) |
| 15:34 | Create | Villager (Male) |
| 16:13 | Create | Skirmisher |
| 16:13 | Create | Skirmisher |
| 16:13 | Create | Skirmisher |
| 16:19 | Build | Watch Tower |
| 16:29 | Build | Farm |
| 16:32 | Build | Farm |
| 16:37 | Create | Villager (Male) |
| 16:42 | Create | Skirmisher |
| 16:50 | Build | Farm |
| 17:11 | Create | Villager (Male) |
| 17:13 | Build | Farm |
| 17:20 | Build | Farm |
| 17:21 | Build | Farm |
| 17:38 | Create | Villager (Male) |
| 17:42 | Build | Farm |
| 17:46 | Build | Farm |
| 18:19 | Create | Villager (Male) |
| 18:22 | Build | Farm |
| 18:33 | Create | Villager (Male) |
| 18:39 | Build | Farm |
| 18:40 | Build | Farm |
| 18:43 | Build | Farm |
| 18:43 | Build | Farm |
| 19:08 | Build | Farm |
| 19:09 | Build | Farm |
| 19:31 | Build | House |
| 19:33 | Build | Stone Wall |
| 19:43 | Research | Castle Age |
| 20:07 | Research | Gold Mining |
| 20:26 | Research | Horse Collar |
| 21:02 | Build | Stable |
| 21:35 | Create | Spearman |
| 21:35 | Create | Spearman |
| 22:04 | Build | House |
| 22:09 | Build | House |
| 22:23 | Age | Castle Age |
| 22:28 | Create | Knight |
| 22:28 | Create | Knight |
| 22:41 | Build | House |
| 22:42 | Build | House |
| 22:43 | Research | Scale Barding Armor |
| 23:04 | Create | Knight |
| 23:04 | Create | Knight |
| 23:09 | Create | Villager (Male) |
| 23:09 | Create | Villager (Male) |
| 23:12 | Create | Villager (Male) |
| 23:30 | Create | Knight |
| 23:30 | Create | Knight |
| 23:33 | Research | Chain Barding Armor |
| 23:54 | Create | Knight |
| 23:54 | Create | Knight |
| 24:00 | Create | Villager (Male) |
| 24:16 | Create | Knight |
| 24:16 | Create | Knight |
| 24:39 | Research | Bloodlines |
| 24:46 | Create | Villager (Male) |
| 25:23 | Research | Husbandry |
| 25:25 | Create | Villager (Male) |
| 25:27 | Create | Villager (Male) |
| 25:48 | Create | Knight |
| 26:14 | Create | Knight |
| 26:37 | Create | Knight |
| 26:38 | Create | Knight |
| 26:48 | Create | Knight |
| 26:48 | Create | Knight |
| 27:16 | Create | Knight |
| 27:16 | Create | Knight |
| 27:25 | Create | Villager (Male) |
| 27:26 | Create | Villager (Male) |
| 27:34 | Build | Town Center |
| 27:41 | Create | Knight |
| 27:42 | Create | Knight |
| 28:16 | Create | Knight |
| 28:16 | Create | Knight |
| 28:45 | Create | Knight |
| 29:06 | Create | Villager (Male) |
| 29:07 | Create | Villager (Male) |
Build order — LMB. LouisLitt
First 150 of 599 actions detected
| 0:00 | Create | Villager (Male) |
| 0:01 | Create | Villager (Male) |
| 0:01 | Create | Villager (Male) |
| 0:02 | Build | House |
| 0:04 | Build | House |
| 0:32 | Create | Villager (Male) |
| 1:30 | Create | Villager (Male) |
| 1:53 | Build | Lumber Camp |
| 1:57 | Create | Villager (Male) |
| 2:22 | Create | Villager (Male) |
| 2:54 | Create | Villager (Male) |
| 3:13 | Create | Villager (Male) |
| 3:42 | Build | House |
| 3:44 | Build | House |
| 3:50 | Create | Villager (Male) |
| 4:15 | Create | Villager (Male) |
| 4:45 | Create | Villager (Male) |
| 5:03 | Create | Villager (Male) |
| 5:29 | Create | Villager (Male) |
| 5:39 | Build | Mill |
| 5:56 | Create | Villager (Male) |
| 6:22 | Create | Villager (Male) |
| 6:45 | Create | Villager (Male) |
| 7:17 | Create | Villager (Male) |
| 7:30 | Research | Loom |
| 7:38 | Research | Feudal Age |
| 8:33 | Build | House |
| 8:35 | Build | House |
| 8:38 | Research | Loom |
| 9:52 | Age | Feudal Age |
| 9:55 | Research | Double-Bit Axe |
| 10:17 | Create | Villager (Male) |
| 10:21 | Research | Horse Collar |
| 10:44 | Create | Villager (Male) |
| 11:08 | Create | Villager (Male) |
| 11:32 | Create | Villager (Male) |
| 11:55 | Build | Town Center |
| 11:58 | Create | Villager (Male) |
| 12:09 | Build | Barracks |
| 12:16 | Create | Villager (Male) |
| 12:23 | Create | Villager (Male) |
| 12:35 | Build | House |
| 12:48 | Build | House |
| 12:51 | Build | Palisade Wall |
| 12:55 | Create | Villager (Male) |
| 13:07 | Build | House |
| 13:41 | Create | Villager (Male) |
| 14:08 | Create | Villager (Male) |
| 14:31 | Create | Villager (Male) |
| 14:39 | Create | Villager (Male) |
| 14:40 | Create | Villager (Male) |
| 14:44 | Build | Blacksmith |
| 15:08 | Build | Lumber Camp |
| 15:11 | Create | Villager (Male) |
| 15:14 | Build | Farm |
| 15:15 | Build | Farm |
| 15:17 | Build | Farm |
| 15:19 | Build | Farm |
| 15:20 | Create | Villager (Male) |
| 15:20 | Create | Villager (Male) |
| 15:24 | Build | Farm |
| 15:27 | Build | Farm |
| 15:33 | Build | Farm |
| 15:34 | Create | Villager (Male) |
| 15:40 | Build | House |
| 15:41 | Build | House |
| 15:49 | Build | House |
| 15:51 | Build | Palisade Wall |
| 16:11 | Create | Villager (Male) |
| 16:18 | Create | Villager (Male) |
| 16:31 | Build | Market |
| 16:33 | Create | Villager (Male) |
| 16:42 | Build | Stable |
| 16:45 | Create | Villager (Male) |
| 16:55 | Build | House |
| 16:57 | Build | House |
| 17:02 | Create | Villager (Male) |
| 17:08 | Build | Mining Camp |
| 17:13 | Create | Villager (Male) |
| 17:31 | Create | Villager (Male) |
| 17:43 | Build | Stable |
| 17:58 | Research | Castle Age |
| 18:13 | Research | Gold Mining |
| 18:18 | Create | Villager (Male) |
| 18:21 | Research | Gold Mining |
| 18:44 | Create | Villager (Male) |
| 18:47 | Build | House |
| 18:56 | Create | Villager (Male) |
| 19:13 | Research | Scale Barding Armor |
| 19:36 | Create | Villager (Male) |
| 19:40 | Build | Stable |
| 19:44 | Research | Bloodlines |
| 20:15 | Research | Fletching |
| 20:28 | Create | Villager (Male) |
| 20:38 | Age | Castle Age |
| 20:44 | Create | Villager (Male) |
| 20:47 | Create | Knight |
| 20:47 | Create | Knight |
| 20:55 | Build | Town Center |
| 21:13 | Create | Villager (Male) |
| 21:15 | Create | Knight |
| 21:15 | Create | Knight |
| 21:16 | Create | Villager (Male) |
| 21:28 | Create | Villager (Male) |
| 21:29 | Build | Farm |
| 21:38 | Build | House |
| 21:39 | Build | House |
| 22:18 | Build | Castle |
| 22:21 | Create | Villager (Male) |
| 22:42 | Create | Villager (Male) |
| 22:42 | Create | Villager (Male) |
| 23:12 | Create | Villager (Male) |
| 23:13 | Build | Farm |
| 23:16 | Build | Farm |
| 23:24 | Create | Villager (Male) |
| 23:44 | Create | Villager (Male) |
| 23:52 | Create | Villager (Male) |
| 23:52 | Create | Villager (Male) |
| 23:52 | Create | Villager (Male) |
| 24:16 | Create | Villager (Male) |
| 24:19 | Create | Villager (Male) |
| 24:19 | Create | Villager (Male) |
| 24:19 | Create | Villager (Male) |
| 24:36 | Create | Villager (Male) |
| 24:45 | Create | Villager (Male) |
| 24:49 | Create | Villager (Male) |
| 24:49 | Create | Villager (Male) |
| 25:00 | Create | Villager (Male) |
| 25:04 | Create | Villager (Male) |
| 25:05 | Create | Villager (Male) |
| 25:13 | Create | Villager (Male) |
| 25:36 | Build | Castle |
| 25:43 | Create | Villager (Male) |
| 25:44 | Create | Villager (Male) |
| 26:16 | Create | Villager (Male) |
| 26:31 | Research | Bodkin Arrow |
| 26:32 | Create | Villager (Male) |
| 26:58 | Create | Villager (Male) |
| 26:59 | Create | Villager (Male) |
| 26:59 | Create | Villager (Male) |
| 26:59 | Create | Villager (Male) |
| 27:25 | Create | Villager (Male) |
| 27:30 | Build | Lumber Camp |
| 27:57 | Create | Villager (Male) |
| 28:14 | Create | Villager (Male) |
| 28:14 | Create | Villager (Male) |
| 28:20 | Build | Farm |
| 28:27 | Create | Villager (Male) |
| 28:28 | Create | Villager (Male) |
| 28:43 | Create | Villager (Male) |
Build order — LMB.TheDutchKing
First 150 of 363 actions detected
| 0:00 | Create | Villager (Male) ×4 |
| 0:02 | Build | House |
| 0:05 | Build | House |
| 1:32 | Create | Villager (Male) |
| 2:00 | Create | Villager (Male) |
| 2:22 | Build | Lumber Camp |
| 2:23 | Create | Villager (Male) |
| 2:54 | Create | Villager (Male) |
| 3:05 | Create | Villager (Male) |
| 3:32 | Create | Villager (Male) |
| 3:36 | Build | House |
| 3:38 | Build | House |
| 4:01 | Create | Villager (Male) |
| 4:01 | Create | Villager (Male) |
| 4:58 | Create | Villager (Male) |
| 4:58 | Create | Villager (Male) |
| 5:33 | Create | Villager (Male) |
| 6:00 | Build | Mill |
| 6:03 | Create | Villager (Male) |
| 6:13 | Create | Villager (Male) |
| 6:49 | Create | Villager (Male) |
| 7:30 | Research | Feudal Age |
| 7:50 | Create | Villager (Male) |
| 7:50 | Create | Villager (Male) |
| 7:52 | Research | Loom |
| 8:02 | Build | Barracks |
| 8:09 | Build | Palisade Wall |
| 8:15 | Build | Palisade Wall |
| 8:38 | Build | House |
| 9:41 | Age | Feudal Age |
| 9:44 | Build | Stable |
| 9:53 | Build | Palisade Wall |
| 10:00 | Build | Palisade Wall |
| 10:04 | Create | Spearman |
| 10:11 | Build | House |
| 10:20 | Build | Palisade Gate |
| 10:26 | Create | Villager (Male) |
| 10:30 | Research | Double-Bit Axe |
| 10:34 | Create | Villager (Male) |
| 10:34 | Create | Villager (Male) |
| 10:38 | Build | Farm |
| 10:44 | Create | Spearman |
| 10:49 | Create | Scout Cavalry ×3 |
| 11:25 | Build | House |
| 11:30 | Build | Palisade Wall |
| 11:33 | Build | Farm |
| 11:38 | Build | Farm |
| 11:47 | Build | Palisade Wall |
| 11:53 | Build | House |
| 11:56 | Build | Farm |
| 12:01 | Create | Scout Cavalry |
| 12:19 | Build | Farm |
| 12:59 | Build | House |
| 13:05 | Create | Villager (Male) |
| 13:06 | Create | Villager (Male) |
| 13:06 | Create | Villager (Male) |
| 13:09 | Research | Horse Collar |
| 13:14 | Build | Farm |
| 13:18 | Build | Farm |
| 13:20 | Build | Farm |
| 13:35 | Build | House |
| 13:36 | Build | House |
| 13:47 | Build | House |
| 13:50 | Build | Palisade Wall |
| 13:52 | Build | Palisade Wall |
| 14:02 | Create | Villager (Male) |
| 14:03 | Create | Villager (Male) |
| 14:09 | Build | Farm |
| 14:23 | Build | Lumber Camp |
| 15:00 | Create | Villager (Male) |
| 15:01 | Create | Villager (Male) |
| 15:15 | Build | Palisade Wall |
| 15:37 | Create | Villager (Male) |
| 15:44 | Build | Farm |
| 15:49 | Build | Farm |
| 15:52 | Build | Farm |
| 16:09 | Build | Market |
| 16:16 | Build | Farm |
| 16:22 | Build | Farm |
| 16:25 | Build | Farm |
| 16:27 | Build | Farm |
| 16:36 | Create | Villager (Male) |
| 16:36 | Create | Villager (Male) |
| 16:38 | Build | Farm |
| 16:48 | Build | Farm |
| 17:07 | Create | Spearman ×5 |
| 17:18 | Build | Palisade Wall |
| 17:30 | Create | Villager (Male) |
| 17:30 | Create | Villager (Male) |
| 17:52 | Build | Mining Camp |
| 19:01 | Create | Villager (Male) |
| 19:43 | Build | Palisade Wall |
| 19:45 | Build | Palisade Wall |
| 19:52 | Build | Palisade Wall |
| 20:04 | Research | Castle Age |
| 20:34 | Build | Stable |
| 20:38 | Build | Archery Range |
| 20:39 | Build | Archery Range |
| 21:50 | Create | Villager (Male) |
| 21:51 | Create | Villager (Male) |
| 22:11 | Build | Blacksmith |
| 22:41 | Research | Gold Mining |
| 22:43 | Research | Stone Mining |
| 22:44 | Age | Castle Age |
| 22:45 | Research | Heavy Plow |
| 22:48 | Research | Bow Saw |
| 23:04 | Create | Unit 1952 ×5 |
| 23:58 | Build | Town Center |
| 24:06 | Build | Lumber Camp |
| 24:11 | Create | Villager (Male) ×5 |
| 24:19 | Create | Unit 1952 |
| 24:23 | Research | Padded Archer Armor |
| 24:24 | Research | Fletching |
| 24:31 | Research | Wheelbarrow |
| 24:35 | Create | Villager (Male) ×5 |
| 25:46 | Research | Thumb Ring |
| 25:48 | Create | Unit 1952 ×3 |
| 26:10 | Create | Unit 1952 ×2 |
| 26:30 | Create | Villager (Male) ×5 |
| 27:21 | Create | Villager (Male) ×5 |
| 27:54 | Create | Villager (Male) ×5 |
| 28:18 | Build | Castle |
| 28:23 | Create | Villager (Male) ×4 |
| 28:42 | Build | House |
| 28:46 | Build | Lumber Camp |
| 28:53 | Build | Mining Camp |
| 29:21 | Create | Unit 1952 ×5 |
| 29:23 | Create | Villager (Male) ×5 |
| 29:29 | Build | University |
| 29:30 | Build | Farm |
| 30:03 | Create | Unit 1952 ×5 |
| 30:16 | Build | Siege Workshop |
| 30:24 | Create | Unit 1949 ×5 |
| 30:30 | Research | Scale Barding Armor |
| 30:46 | Build | Town Center |
| 30:56 | Create | Villager (Male) ×3 |
| 31:09 | Build | Farm |
| 31:10 | Create | Villager (Male) |
| 31:20 | Build | Lumber Camp |
| 31:42 | Build | Farm |
| 31:46 | Create | Unit 1949 ×2 |
| 32:04 | Create | Unit 1952 ×5 |
| 32:06 | Create | Villager (Male) ×3 |
| 32:08 | Build | Farm |
| 32:35 | Research | Chain Barding Armor |
| 32:38 | Create | Unit 1949 |
| 32:51 | Create | Scorpion |
| 32:56 | Build | House |
| 32:57 | Build | House |
| 32:57 | Build | House |
Build order — jose1998maria
First 150 of 752 actions detected
| 0:01 | Create | Villager (Male) ×4 |
| 0:02 | Build | House |
| 0:03 | Build | House |
| 1:24 | Create | Villager (Male) |
| 1:24 | Create | Villager (Male) |
| 1:46 | Create | Villager (Male) |
| 1:46 | Create | Villager (Male) |
| 1:51 | Build | Lumber Camp |
| 1:59 | Create | Villager (Male) |
| 2:32 | Create | Villager (Male) |
| 2:35 | Create | Villager (Male) |
| 3:03 | Create | Villager (Male) |
| 3:03 | Create | Villager (Male) |
| 3:22 | Create | Villager (Male) |
| 3:46 | Create | Villager (Male) |
| 3:58 | Build | House |
| 4:00 | Build | Palisade Wall |
| 4:04 | Build | House |
| 4:41 | Build | Palisade Wall |
| 4:43 | Build | Palisade Wall |
| 4:44 | Build | Palisade Wall |
| 4:49 | Build | Mill |
| 4:52 | Create | Villager (Male) |
| 4:53 | Create | Villager (Male) |
| 4:53 | Create | Villager (Male) |
| 5:02 | Create | Villager (Male) |
| 5:25 | Build | Palisade Wall |
| 5:35 | Create | Villager (Male) |
| 6:30 | Build | Farm |
| 6:40 | Create | Villager (Male) |
| 7:19 | Research | Loom |
| 7:41 | Build | Mining Camp |
| 7:54 | Research | Feudal Age |
| 8:15 | Build | Barracks |
| 8:36 | Build | Farm |
| 8:48 | Build | Palisade Wall |
| 8:51 | Build | Palisade Wall |
| 8:52 | Build | Palisade Wall |
| 8:53 | Build | Palisade Wall |
| 9:03 | Build | House |
| 9:06 | Build | Palisade Wall |
| 9:13 | Create | Villager (Male) |
| 9:27 | Create | Villager (Male) |
| 10:06 | Age | Feudal Age |
| 10:11 | Build | Archery Range |
| 10:13 | Build | Palisade Wall |
| 10:16 | Build | Palisade Wall |
| 10:24 | Create | Villager (Male) |
| 10:33 | Research | Double-Bit Axe |
| 11:14 | Create | Villager (Male) |
| 11:15 | Create | Archer |
| 11:32 | Create | Villager (Male) |
| 11:40 | Build | Lumber Camp |
| 11:46 | Create | Archer |
| 11:49 | Build | House |
| 11:50 | Build | Farm |
| 11:56 | Create | Villager (Male) |
| 12:43 | Create | Archer |
| 12:44 | Create | Villager (Male) |
| 12:45 | Create | Spearman |
| 12:58 | Create | Villager (Male) |
| 13:03 | Build | House |
| 13:13 | Build | Farm |
| 13:15 | Build | Farm |
| 13:20 | Create | Archer |
| 13:26 | Build | House |
| 13:30 | Create | Villager (Male) |
| 13:35 | Build | Blacksmith |
| 13:39 | Create | Spearman |
| 13:47 | Build | Farm |
| 13:52 | Create | Villager (Male) |
| 13:59 | Create | Archer |
| 14:08 | Build | House |
| 14:10 | Build | Palisade Wall |
| 14:23 | Create | Villager (Male) |
| 14:27 | Create | Spearman |
| 14:36 | Create | Archer |
| 14:53 | Create | Villager (Male) |
| 14:55 | Research | Fletching |
| 15:03 | Build | Palisade Wall |
| 15:04 | Build | Palisade Wall |
| 15:09 | Create | Villager (Male) |
| 15:15 | Create | Spearman |
| 15:16 | Create | Archer |
| 15:42 | Research | Wheelbarrow |
| 15:43 | Create | Archer |
| 15:46 | Research | Padded Archer Armor |
| 15:48 | Create | Militia |
| 15:52 | Create | Spearman |
| 15:58 | Build | House |
| 16:00 | Build | Palisade Wall |
| 16:01 | Create | Villager (Male) |
| 16:07 | Build | Market |
| 16:10 | Build | Palisade Wall |
| 16:11 | Build | Palisade Wall |
| 16:17 | Create | Archer |
| 16:39 | Create | Spearman |
| 16:42 | Create | Villager (Male) |
| 16:48 | Build | Farm |
| 16:52 | Build | Farm |
| 16:55 | Research | Town Watch |
| 17:02 | Build | House |
| 17:18 | Create | Archer |
| 17:24 | Create | Villager (Male) |
| 17:32 | Build | Palisade Gate |
| 17:38 | Build | Palisade Wall |
| 17:40 | Create | Villager (Male) |
| 17:42 | Create | Archer |
| 17:47 | Create | Spearman |
| 18:00 | Research | Horse Collar |
| 18:04 | Create | Villager (Male) |
| 18:19 | Create | Archer |
| 18:31 | Create | Villager (Male) |
| 18:34 | Build | House |
| 18:35 | Build | Farm |
| 18:47 | Build | Farm |
| 18:48 | Create | Villager (Male) |
| 19:07 | Build | House |
| 19:17 | Build | Farm |
| 19:26 | Research | Castle Age |
| 19:40 | Build | Mill |
| 19:51 | Build | Archery Range |
| 19:55 | Create | Archer |
| 20:23 | Create | Villager (Male) |
| 20:30 | Create | Archer |
| 20:31 | Create | Archer |
| 20:35 | Research | Gold Mining |
| 21:02 | Create | Villager (Male) |
| 21:08 | Create | Archer |
| 21:09 | Create | Archer |
| 21:34 | Build | Mining Camp |
| 21:35 | Create | Archer |
| 21:35 | Create | Archer |
| 21:39 | Build | Lumber Camp |
| 22:09 | Age | Castle Age |
| 22:11 | Build | House |
| 22:12 | Research | Crossbowman (upgrade) |
| 22:12 | Research | Crossbowman (upgrade) |
| 22:23 | Research | Bodkin Arrow |
| 22:23 | Research | Bodkin Arrow |
| 22:41 | Build | House |
| 22:42 | Research | Bow Saw |
| 23:00 | Create | Archer |
| 23:00 | Create | Archer |
| 23:12 | Build | House |
| 23:13 | Build | Palisade Wall |
| 23:17 | Create | Villager (Male) |
| 23:21 | Create | Archer |
| 23:21 | Create | Archer |
| 23:23 | Create | Villager (Male) |
Build order — LMB.Soulou
First 150 of 411 actions detected
| 0:01 | Create | Villager (Male) |
| 0:01 | Create | Villager (Male) |
| 0:01 | Create | Villager (Male) |
| 0:02 | Create | Villager (Male) |
| 0:05 | Build | House |
| 0:08 | Build | House |
| 1:28 | Create | Villager (Male) |
| 1:28 | Create | Villager (Male) |
| 1:53 | Create | Villager (Male) |
| 1:53 | Create | Villager (Male) |
| 2:18 | Build | Lumber Camp |
| 2:21 | Create | Villager (Male) |
| 2:49 | Create | Villager (Male) |
| 2:49 | Create | Villager (Male) |
| 3:03 | Build | House |
| 3:22 | Create | Villager (Male) |
| 3:23 | Create | Villager (Male) |
| 4:02 | Create | Villager (Male) |
| 4:25 | Create | Villager (Male) |
| 4:54 | Build | Mill |
| 5:12 | Create | Villager (Male) |
| 5:12 | Create | Villager (Male) |
| 5:12 | Create | Villager (Male) |
| 5:56 | Create | Villager (Male) |
| 5:57 | Create | Villager (Male) |
| 6:11 | Build | House |
| 6:28 | Create | Villager (Male) |
| 7:09 | Research | Loom |
| 7:52 | Build | House |
| 8:00 | Create | Villager (Male) |
| 8:00 | Create | Villager (Male) |
| 8:05 | Research | Feudal Age |
| 8:27 | Build | Farm |
| 8:33 | Build | Mining Camp |
| 9:31 | Create | Villager (Male) |
| 9:33 | Create | Villager (Male) |
| 10:17 | Age | Feudal Age |
| 10:38 | Build | Barracks |
| 10:58 | Create | Villager (Male) |
| 11:01 | Research | Double-Bit Axe |
| 11:15 | Create | Villager (Male) |
| 11:15 | Create | Villager (Male) |
| 11:38 | Build | Archery Range |
| 11:47 | Build | House |
| 11:51 | Create | Spearman |
| 11:51 | Create | Spearman |
| 12:24 | Create | Spearman |
| 12:30 | Create | Archer |
| 12:30 | Create | Archer |
| 12:38 | Build | House |
| 12:40 | Build | House |
| 12:44 | Create | Villager (Male) |
| 12:44 | Create | Villager (Male) |
| 13:06 | Create | Archer |
| 13:07 | Create | Archer |
| 13:29 | Build | Palisade Wall |
| 13:33 | Create | Villager (Male) |
| 13:33 | Create | Villager (Male) |
| 13:38 | Build | Farm |
| 13:38 | Build | Farm |
| 13:42 | Create | Villager (Male) |
| 13:46 | Create | Archer |
| 13:55 | Build | Blacksmith |
| 14:17 | Create | Villager (Male) |
| 14:27 | Create | Villager (Male) |
| 14:32 | Create | Spearman |
| 15:03 | Create | Villager (Male) |
| 15:03 | Create | Villager (Male) |
| 15:06 | Build | Farm |
| 15:06 | Build | Farm |
| 15:06 | Build | Farm |
| 15:08 | Create | Archer |
| 15:09 | Create | Archer |
| 15:25 | Build | Palisade Wall |
| 15:27 | Build | Palisade Wall |
| 15:44 | Build | Farm |
| 16:00 | Create | Villager (Male) |
| 16:06 | Build | Farm |
| 16:21 | Build | Palisade Wall |
| 16:26 | Build | Palisade Wall |
| 16:29 | Create | Villager (Male) |
| 16:37 | Build | Farm |
| 16:41 | Build | Farm |
| 16:49 | Create | Villager (Male) |
| 17:03 | Build | House |
| 17:25 | Build | House |
| 17:32 | Build | House |
| 17:39 | Build | Farm |
| 17:54 | Build | Lumber Camp |
| 17:58 | Create | Villager (Male) |
| 17:59 | Create | Villager (Male) |
| 18:05 | Build | Palisade Wall |
| 18:10 | Build | Palisade Wall |
| 18:13 | Build | Palisade Wall |
| 18:17 | Build | Palisade Wall |
| 18:38 | Build | Palisade Wall |
| 19:01 | Research | Castle Age |
| 19:01 | Research | Castle Age |
| 19:15 | Build | Farm |
| 19:21 | Build | House |
| 19:31 | Build | Farm |
| 19:31 | Build | Farm |
| 19:35 | Research | Horse Collar |
| 19:35 | Research | Horse Collar |
| 20:25 | Research | Fletching |
| 20:57 | Research | Wheelbarrow |
| 21:16 | Build | Archery Range |
| 21:41 | Age | Castle Age |
| 21:46 | Build | Town Center |
| 22:09 | Create | Cavalry Archer |
| 22:09 | Create | Cavalry Archer |
| 22:10 | Create | Cavalry Archer |
| 22:21 | Research | Bodkin Arrow |
| 22:23 | Create | Villager (Male) |
| 22:23 | Create | Villager (Male) |
| 22:40 | Build | Market |
| 22:43 | Research | Bow Saw |
| 22:55 | Create | Villager (Male) |
| 22:56 | Create | Villager (Male) |
| 23:00 | Create | Cavalry Archer ×3 |
| 23:00 | Create | Cavalry Archer ×3 |
| 23:33 | Create | Villager (Male) ×3 |
| 23:59 | Create | Cavalry Archer |
| 24:05 | Build | Stable |
| 24:17 | Create | Cavalry Archer |
| 24:23 | Create | Villager (Male) ×5 |
| 24:36 | Create | Cavalry Archer ×2 |
| 24:55 | Research | Stone Mining |
| 25:04 | Research | Hand Cart |
| 25:08 | Create | Cavalry Archer |
| 25:13 | Build | House |
| 25:18 | Create | Villager (Male) |
| 25:18 | Create | Villager (Male) |
| 25:18 | Create | Villager (Male) |
| 25:35 | Create | Cavalry Archer |
| 25:36 | Create | Villager (Male) ×2 |
| 26:13 | Create | Cavalry Archer |
| 26:44 | Create | Cavalry Archer |
| 26:48 | Create | Villager (Male) ×5 |
| 26:49 | Create | Villager (Male) |
| 27:22 | Create | Villager (Male) ×3 |
| 27:24 | Create | Cavalry Archer ×2 |
| 27:24 | Create | Cavalry Archer ×2 |
| 27:38 | Build | Farm |
| 28:23 | Build | Castle |
| 28:31 | Create | Cavalry Archer ×2 |
| 28:31 | Create | Cavalry Archer ×2 |
| 29:01 | Create | Villager (Male) |
| 29:01 | Create | Villager (Male) |
| 29:01 | Create | Villager (Male) |
Match timeline
| 4:00 | jose1998maria · wall_segment Palisade Wall x4 |
| 4:41 | jose1998maria · wall_segment Palisade Wall x1 |
| 4:43 | jose1998maria · wall_segment Palisade Wall x1 |
| 4:44 | jose1998maria · wall_segment Palisade Wall x1 |
| 5:10 | Sneaky_Topolino · wall_segment Palisade Wall x1 |
| 5:25 | jose1998maria · wall_segment Palisade Wall x1 |
| 8:02 | LMB.TheDutchKing · first_building Barracks |
| 8:09 | FeHZappa · first_building Barracks |
| 8:09 | LMB.TheDutchKing · wall_segment Palisade Wall x3 |
| 8:15 | LMB.TheDutchKing · wall_segment Palisade Wall x1 |
| 8:15 | jose1998maria · first_building Barracks |
| 8:47 | FeHZappa · wall_segment Palisade Wall x5 |
| 8:48 | jose1998maria · wall_segment Palisade Wall x1 |
| 8:49 | FeHZappa · wall_segment Palisade Wall x2 |
| 8:51 | jose1998maria · wall_segment Palisade Wall x4 |
| 8:52 | jose1998maria · wall_segment Palisade Wall x1 |
| 8:53 | jose1998maria · wall_segment Palisade Wall x1 |
| 9:06 | jose1998maria · wall_segment Palisade Wall x7 |
| 9:41 | LMB.TheDutchKing · age_up feudal |
| 9:44 | LMB.TheDutchKing · first_building Stable |
| 9:47 | FeHZappa · age_up feudal |
| 9:51 | FeHZappa · first_building Stable |
| 9:52 | LMB. LouisLitt · age_up feudal |
| 9:53 | LMB.TheDutchKing · wall_segment Palisade Wall x5 |
| 10:00 | Sneaky_Topolino · age_up feudal |
| 10:00 | LMB.TheDutchKing · wall_segment Palisade Wall x7 |
| 10:06 | jose1998maria · age_up feudal |
| 10:11 | jose1998maria · first_building Archery Range |
| 10:13 | jose1998maria · wall_segment Palisade Wall x4 |
| 10:16 | jose1998maria · wall_segment Palisade Wall x3 |
| 10:17 | LMB.Soulou · age_up feudal |
| 10:38 | LMB.Soulou · first_building Barracks |
| 11:23 | FeHZappa · wall_segment Palisade Wall x1 |
| 11:30 | LMB.TheDutchKing · wall_segment Palisade Wall x7 |
| 11:38 | LMB.Soulou · first_building Archery Range |
| 11:47 | LMB.TheDutchKing · wall_segment Palisade Wall x6 |
| 12:09 | LMB. LouisLitt · first_building Barracks |
| 12:12 | Sneaky_Topolino · first_building Donjon |
| 12:51 | LMB. LouisLitt · wall_segment Palisade Wall x2 |
| 13:07 | Sneaky_Topolino · first_building Barracks |
| 13:25 | Sneaky_Topolino · wall_segment Palisade Wall x3 |
| 13:27 | Sneaky_Topolino · wall_segment Palisade Wall x4 |
| 13:29 | LMB.Soulou · wall_segment Palisade Wall x9 |
| 13:44 | Sneaky_Topolino · first_building Stable |
| 13:50 | LMB.TheDutchKing · wall_segment Palisade Wall x3 |
| 13:52 | LMB.TheDutchKing · wall_segment Palisade Wall x1 |
| 14:10 | jose1998maria · wall_segment Palisade Wall x4 |
| 15:03 | jose1998maria · wall_segment Palisade Wall x1 |
| 15:04 | jose1998maria · wall_segment Palisade Wall x1 |
| 15:12 | FeHZappa · first_building Archery Range |
| 15:15 | LMB.TheDutchKing · wall_segment Palisade Wall x5 |
| 15:22 | Sneaky_Topolino · age_up castle |
| 15:25 | LMB.Soulou · wall_segment Palisade Wall x1 |
| 15:27 | LMB.Soulou · wall_segment Palisade Wall x1 |
| 15:51 | LMB. LouisLitt · wall_segment Palisade Wall x2 |
| 16:00 | jose1998maria · wall_segment Palisade Wall x2 |
| 16:10 | jose1998maria · wall_segment Palisade Wall x3 |
| 16:11 | jose1998maria · wall_segment Palisade Wall x4 |
| 16:21 | LMB.Soulou · wall_segment Palisade Wall x5 |
| 16:26 | LMB.Soulou · wall_segment Palisade Wall x6 |
| 16:42 | LMB. LouisLitt · first_building Stable |
| 17:18 | LMB.TheDutchKing · wall_segment Palisade Wall x1 |
| 17:38 | jose1998maria · wall_segment Palisade Wall x1 |
| 17:56 | LMB. LouisLitt · first_market_sell 100 food |
| 18:05 | LMB.Soulou · wall_segment Palisade Wall x6 |
| 18:10 | LMB.Soulou · wall_segment Palisade Wall x7 |
| 18:13 | LMB.Soulou · wall_segment Palisade Wall x3 |
| 18:17 | LMB.Soulou · wall_segment Palisade Wall x4 |
| 18:38 | LMB.Soulou · wall_segment Palisade Wall x5 |
| 18:45 | Sneaky_Topolino · first_market_buy 100 food |
| 19:13 | FeHZappa · first_market_buy 100 food |
| 19:26 | jose1998maria · first_market_buy 100 food |
| 19:33 | FeHZappa · wall_segment Stone Wall x2 |
| 19:43 | LMB.TheDutchKing · wall_segment Palisade Wall x1 |
| 19:45 | LMB.TheDutchKing · wall_segment Palisade Wall x1 |
| 19:52 | LMB.TheDutchKing · wall_segment Palisade Wall x1 |
| 20:38 | LMB.TheDutchKing · first_building Archery Range |
| 20:38 | LMB. LouisLitt · age_up castle |
| 21:08 | LMB. LouisLitt · first_market_buy 100 food |
| 21:41 | LMB.Soulou · age_up castle |
| 22:09 | jose1998maria · age_up castle |
| 22:18 | LMB. LouisLitt · first_building Castle |
| 22:21 | jose1998maria · first_market_sell 100 food |
| 22:23 | FeHZappa · age_up castle |
| 22:44 | LMB.TheDutchKing · age_up castle |
| 23:13 | jose1998maria · wall_segment Palisade Wall x1 |
| 23:44 | jose1998maria · first_building Castle |
| 23:48 | LMB.TheDutchKing · first_market_buy 100 wood |
| 23:58 | jose1998maria · wall_segment Palisade Wall x16 |
| 24:02 | jose1998maria · wall_segment Palisade Wall x13 |
| 24:05 | LMB.Soulou · first_building Stable |
| 24:13 | jose1998maria · wall_segment Palisade Wall x9 |
| 24:15 | jose1998maria · wall_segment Palisade Wall x1 |
| 24:15 | LMB.Soulou · first_market_sell 100 wood |
| 24:40 | Sneaky_Topolino · first_market_sell 100 wood |
| 24:47 | jose1998maria · wall_segment Palisade Wall x1 |
| 28:18 | LMB.TheDutchKing · first_building Castle |
| 28:23 | LMB.Soulou · first_building Castle |
| 30:00 | Sneaky_Topolino · first_building Castle |
| 30:16 | LMB.TheDutchKing · first_building Siege Workshop |
| 32:25 | FeHZappa · first_building Siege Workshop |
| 33:28 | FeHZappa · first_building Monastery |
| 35:36 | FeHZappa · first_market_sell 100 wood |
| 35:38 | Sneaky_Topolino · age_up imperial |
| 36:09 | LMB.Soulou · wall_segment Palisade Wall x1 |
| 37:20 | LMB.Soulou · wall_segment Palisade Wall x1 |
| 37:23 | LMB.Soulou · wall_segment Palisade Wall x1 |
| 37:25 | LMB.Soulou · wall_segment Palisade Wall x5 |
| 37:28 | FeHZappa · first_building Castle |
| 37:49 | LMB. LouisLitt · first_building Monastery |
| 38:48 | jose1998maria · age_up imperial |
| 39:16 | LMB.TheDutchKing · first_building Monastery |
| 40:02 | LMB. LouisLitt · first_building Archery Range |
| 40:05 | LMB.TheDutchKing · first_market_sell 100 stone |
| 41:45 | LMB.Soulou · first_market_buy 100 wood |
| 42:04 | LMB. LouisLitt · age_up imperial |
| 42:22 | LMB.Soulou · age_up imperial |
| 42:34 | FeHZappa · age_up imperial |
| 43:52 | LMB.TheDutchKing · age_up imperial |
| 45:13 | Sneaky_Topolino · wall_segment Stone Wall x1 |
| 45:15 | Sneaky_Topolino · wall_segment Stone Wall x2 |
| 45:20 | Sneaky_Topolino · wall_segment Stone Wall x1 |
| 48:13 | LMB.Soulou · tribute_sent a jugador 1 |
| 48:13 | LMB.Soulou · tribute_sent a jugador 2 |
| 48:13 | LMB.Soulou · tribute_sent a jugador 3 |
| 48:13 | LMB.Soulou · tribute_sent a jugador 4 |
| 48:13 | LMB.Soulou · tribute_sent a jugador 5 |
| 53:44 | jose1998maria · wall_segment Palisade Wall x1 |
| 53:59 | jose1998maria · wall_segment Palisade Wall x1 |
| 56:56 | LMB.Soulou · tribute_sent a jugador 1 |
| 56:56 | LMB.Soulou · tribute_sent a jugador 2 |
| 56:56 | LMB.Soulou · tribute_sent a jugador 3 |
| 56:56 | LMB.Soulou · tribute_sent a jugador 4 |
| 56:56 | LMB.Soulou · tribute_sent a jugador 5 |
| 58:55 | LMB. LouisLitt · tribute_sent a jugador 1 |
| 58:55 | LMB. LouisLitt · tribute_sent a jugador 3 |
| 58:55 | LMB. LouisLitt · tribute_sent a jugador 4 |
| 58:55 | LMB. LouisLitt · tribute_sent a jugador 5 |
| 58:55 | LMB. LouisLitt · tribute_sent a jugador 6 |
| 60:52 | LMB.Soulou · resign |
[ AI ANALYSIS · 1 CREDIT ]
What really happened in this match?
Wolo.gg analyzes every decision: build order, eco, micro, common mistakes by bracket. Personalized analysis on WhatsApp or Discord in 30 seconds.
Civ guide
Sicilians
Perfil
Jugador #4978432